 Dungeon Crawl Stone Soup version 0.30-a0-305-g026cb31310 (webtiles) character file.

Game seed: 4257437234728836569

14399 McGhostyFace the Thrower (level 12, -4/94 HPs)
             Began as a Gnoll Wanderer on Oct 24, 2022.
             Was an Elder of Ashenzari.
             Killed by divine providence
             ... invoked by a meliai
              (12 damage)
             ... on level 13 of the Dungeon.
             The game lasted 00:51:31 (13115 turns).

McGhostyFace the Thrower (Gnoll Wanderer)          Turns: 13115, Time: 00:51:32

Health: -4/94      AC: 13    Str: 13    XL:     12   Next: 16%
Magic:  5/23       EV: 15    Int: 17    God:    Ashenzari [****..]
Gold:   899        SH:  7    Dex: 14    Spells: 9/26 levels left

rFire   + . .      SeeInvis +    y - +1 rapier "Share My Frustration" {venom, Alch, Elem} (curse)
rCold   x . .      Faith    .    j - +0 buckler of Ashenzari's Black Moon {Alch, Fort} (curse)
rNeg    . . .      Spirit   .    f - +2 leather armour {rPois}
rPois   +          Reflect  .    F - +0 helmet of the Fated Soothsayer {Fort, Melee} (curse)
rElec   .          Harm     .    H - +0 cloak of Ashenzari's Apathy {Fort, Elem} (curse)
rCorr   .          Rampage  .    (no gloves)
Will    +....      Clarity  +    p - +0 pair of boots of Curses and Power {Cun, Melee} (curse)
Stlth   ++++......               x - amulet of the Shackled Welkin {Will+ Regen+ Dex+4, Evo, Elem} (curse)
HPRegen 1.15/turn                C - ring of wizardry
MPRegen 0.18/turn                M - ring "Omniscient Desperation" {Fire, Fort, Evo} (curse)

@: very slightly contaminated
A: fangs 1, strong nose, distributed training, iridescent scales 1, mutation
resistance 1
a: Renounce Religion, Shatter the Chains


You were on level 13 of the Dungeon.
You worshipped Ashenzari.
Ashenzari was greatly pleased with you.
You visited 1 branch of the dungeon, and saw 13 of its levels.

You collected 1023 gold pieces.
You spent 124 gold pieces at shops.

Inventory:

Hand Weapons
 y - the cursed +1 rapier "Share My Frustration" (weapon) {venom, Alch, Elem}
   (You found it on level 5 of the Dungeon)

   It poisons the flesh of those it strikes.
   It has a curse which improves the following skills: Alchemy: Poison Magic and
   Transmutations.
   Elements:  Fire Magic, Ice Magic, Air Magic and Earth Magic.
 G - a +4 short sword of freezing
Missiles
 b - 13 boomerangs (quivered)
 D - a throwing net
Armour
 f - a +2 leather armour of poison resistance (worn)
 h - an orb of guile
 j - the cursed +0 buckler of Ashenzari's Black Moon (worn) {Alch, Fort}
   (You bought it in a shop on level 1 of the Dungeon)

   It has a curse which improves the following skills: Alchemy: Poison Magic and
   Transmutations.
   Fortitude: Armour and Shields.
 p - the cursed +0 pair of boots of Curses and Power (worn) {Cun, Melee}
   (You found it on level 2 of the Dungeon)

   It has a curse which improves the following skills: Cunning: Dodging and
   Stealth.
   Melee Combat: Short Blades, Long Blades, Axes, Maces & Flails, Polearms,
   Staves and Unarmed Combat.
 A - a +0 robe of fire resistance
 B - +0 acid dragon scales
 F - the cursed +0 helmet of the Fated Soothsayer (worn) {Fort, Melee}
   (You found it on level 7 of the Dungeon)

   It has a curse which improves the following skills: Fortitude: Armour and
   Shields.
   Melee Combat: Short Blades, Long Blades, Axes, Maces & Flails, Polearms,
   Staves and Unarmed Combat.
 H - the cursed +0 cloak of Ashenzari's Apathy (worn) {Fort, Elem}
   (You took it off Crazy Yiuf on level 7 of the Dungeon)

   It has a curse which improves the following skills: Fortitude: Armour and
   Shields.
   Elements:  Fire Magic, Ice Magic, Air Magic and Earth Magic.
Jewellery
 x - the cursed amulet of the Shackled Welkin (around neck) {Will+ Regen+ Dex+4, Evo, Elem}
   (You found it on level 4 of the Dungeon)

   [amulet of regeneration]

   Dex:       It affects your dexterity (+4).
   Regen:     It increases your rate of health regeneration.
   Will:      It increases your willpower.
   It has a curse which improves the following skills: Evocations: Evocations.
   Elements:  Fire Magic, Ice Magic, Air Magic and Earth Magic.
 C - a ring of wizardry (left hand)
 M - the cursed ring "Omniscient Desperation" (right hand) {Fire, Fort, Evo}
   (You found it on level 10 of the Dungeon)

   [ring of fire]

   It enhances your fire magic.
   rF:        It protects you from fire.
   rC:        It makes you vulnerable to cold.
   It has a curse which improves the following skills: Fortitude: Armour and
   Shields.
   Evocations: Evocations.
 Q - a ring of resist corrosion
Wands
 a - a wand of flame (15)
 v - a wand of mindburst (15)
 K - a wand of roots (5)
Scrolls
 d - a scroll of fear
 e - 12 scrolls of identify
 g - 2 scrolls of torment
 i - 6 scrolls of immolation
 k - 5 scrolls of teleportation
 m - a scroll of noise
 n - 3 scrolls of fog
 q - a scroll of magic mapping
 u - 5 scrolls of vulnerability
 E - 2 scrolls of blinking
 N - a scroll of amnesia
 P - a scroll of poison
Potions
 c - 3 potions of lignification
 l - 5 potions of curing
 o - 4 potions of berserk rage
 r - 3 potions of brilliance
 s - 3 potions of mutation
 t - 4 potions of attraction
 w - 2 potions of magic
 z - 4 potions of might
 I - a potion of flight
 J - a potion of haste
 L - a potion of ambrosia
 O - a potion of heal wounds


   Skills:
 + Level 8.7 Fighting
 + Level 7.3(10.3) Short Blades
 + Level 7.3(10.3) Long Blades
 + Level 7.3(10.3) Axes
 + Level 7.3(10.3) Maces & Flails
 + Level 7.3(10.3) Polearms
 + Level 7.3(10.3) Staves
 + Level 7.3 Ranged Weapons
 + Level 9.9 Throwing
 + Level 8.7(13.4) Armour
 + Level 7.3(9.3) Dodging
 + Level 7.3(9.3) Stealth
 + Level 7.3(12.0) Shields
 + Level 7.3(10.3) Unarmed Combat
 + Level 7.9 Spellcasting
 + Level 6.0 Conjurations
 + Level 6.0 Hexes
 + Level 6.0 Summonings
 + Level 6.0 Necromancy
 + Level 6.0 Translocations
 + Level 6.0(9.0) Transmutations
 + Level 6.0(9.9) Fire Magic
 + Level 6.0(9.9) Ice Magic
 + Level 6.0(9.9) Air Magic
 + Level 6.0(9.9) Earth Magic
 + Level 7.2(10.2) Poison Magic
 + Level 8.0 Invocations
 + Level 7.3(10.3) Evocations


You had 9 spell levels left.
You knew the following spells:

 Your Spells              Type           Power      Damage    Failure   Level
a - Sting                 Tmut/Pois      100%       1d8       1%          1
b - Blink                 Tloc           54%        N/A       1%          2
c - Ignite Poison         Fire/Tmut/Pois 56%        N/A       1%          3
d - Momentum Strike       Conj/Tloc      54%        3d9       1%          2
e - Summon Ice Beast      Ice/Summ       33%        N/A       2%          4
f - Freezing Cloud        Conj/Ice/Air   18%        6-21      4%          5

Your spell library contained the following spells:

 Spells                   Type           Power      Damage    Failure   Level
 Shock                    Conj/Air       100%       1d9       1%          1
 Summon Small Mammal      Summ           100%       N/A       1%          1
 Cigotuvi's Dreadful Rot  Necr/Pois/Air  72%        N/A       1%          2
 Ensorcelled Hibernation  Hex/Ice        66%        N/A       1%          2
 Passwall                 Tmut/Erth      31%        N/A       1%          2
 Sublimation of Blood     Necr           27%        N/A       1%          2
 Wereblood                Tmut           37%        N/A       1%          2
 Call Canine Familiar     Summ           27%        N/A       1%          3
 Frozen Ramparts          Ice            80%        1d13      1%          3
 Kindle Blastsparks       Fire/Tloc/Air  100%       2d18      1%          3
 Lesser Beckoning         Tloc           54%        N/A       1%          3
 Ozocubu's Armour         Ice            40%        N/A       1%          3
 Summon Guardian Golem    Hex/Summ       27%        N/A       1%          3
 Swiftness                Air            40%        N/A       1%          3
 Tukima's Dance           Hex            27%        N/A       1%          3
 Airstrike                Air            20%        2d(3-19)  1%          4
 Ice Form                 Ice/Tmut       38%        N/A       1%          4
 Sticky Flame             Conj/Fire      50%        2d7       2%          4
 Passage of Golubria      Tloc           27%        N/A       4%          4
 Metabolic Englaciation   Hex/Ice        16%        N/A       6%          5
 Yara's Violent Unravell  Hex/Tmut       16%        3d8       8%          5
 Eringya's Noxious Bog    Tmut/Pois      19%        N/A       17%         6
 Simulacrum               Ice/Necr       16%        N/A       32%         6
 Summon Hydra             Summ           13%        N/A       98%         7
 Ignition                 Fire           28%        3d9       99%         8
 Chain Lightning          Conj/Air       16%        3d22      100%        9


Dungeon Overview and Level Annotations

Branches:
Dungeon (13/15)            Temple (0/1) D:6            Lair (0/5) D:9
    Orc (0/2) D:10
 Vaults: D:13-14

Altars:
Ashenzari
Dithmenos
Elyvilon
Gozag
Kikubaaqudgha
Makhleb
Okawaru
Uskayaw
Vehumet
Xom
Yredelemnul
The Shining One

Shops:
D:1 [   D:2 =   D:4 *   D:10 *   D:12 !


Innate Abilities, Weirdness & Mutations

You have very sharp teeth.
Your uncanny sense of smell can sniff out nearby items.
Your experience applies equally to all skills.
You are partially covered in iridescent scales. (AC +2)
You are somewhat resistant to further mutation.


Message History

You ignite the poison in your surroundings!
The meliai seems to burn from within!!
You kill the meliai!
The meliai calls down the wrath of its god upon you.
Something smites you!
Casting: Ignite Poison (safe; 1% risk of failure)
Confirm with . or Enter, or press ? or * to list all spells.
Aiming: Freezing Cloud (dangerous; 4% risk of failure)
Press: ? - help, Dir - move target, f - meliai
Aim: a meliai, wielding a +0 war axe and wearing a +0 leather armour The meliai is engulfed in freezing vapours. x2
The meliai calls upon its god to heal the meliai.
The meliai's wounds heal themselves!
The meliai is engulfed in freezing vapours. x2
The meliai calls upon its god to heal the meliai.
The meliai's wounds heal themselves!
Casting: Freezing Cloud (dangerous; 4% risk of failure)
Confirm with . or Enter, or press ? or * to list all spells.
You miscast Summon Ice Beast.
You are very lightly contaminated with residual magic.
Nothing appears to happen.
The meliai is engulfed in freezing vapours. x2
The meliai calls upon its god to heal the meliai.
The meliai's wounds heal themselves!
The meliai is engulfed in freezing vapours.
The meliai mumbles some strange prayers to its god against you.
Something smites you!
* * * LOW HITPOINT WARNING * * *
Casting: Summon Ice Beast (dangerous; 2% risk of failure)
Confirm with . or Enter, or press ? or * to list all spells.
A chill wind blows around you.
The meliai calls down the wrath of its god upon you.
Something smites you!
* * * LOW HITPOINT WARNING * * *
The meliai calls down the wrath of its god upon you.
Something smites you!
* * * LOW HITPOINT WARNING * * *
The meliai invokes the aid of its god against you.
Something smites you!
You die...

### ### ###.# ### ####..#
#...# #.# #####....##
###.#### #Y###.........#
#....######....§§§...#..####
##.##.......@.yy§§....).....#
#.######...###..§§§....##...y
### ##..# ####.....##* #y
#..# ##...## ** #..# ##..#
#..# #..# * #..## ##..#
##...## #..# ##.....## ,**


You could see 2 meliai and a friendly ice beast (summoned).

Vanquished Creatures
  5 two-headed ogres
  A boulder beetle (D:13)
  5 slime creatures (D:12)
  A gargoyle (D:12)
  Psyche (D:8)
  A kobold demonologist (D:11)
  An unseen horror (D:7)
  2 trolls (D:9)
  A meliai (D:13)
  21 yaks
  A steam dragon (D:8)
  A vampire mosquito (D:11)
  An acid dragon (D:12)
  A water moccasin (D:5)
  5 orc warriors
  A black bear (D:6)
  An ice beast (D:6)
  A sky beast (D:8)
  3 centaurs
  A wolf (D:9)
  A phantom (D:4)
  3 kobold brigands
  3 bullfrogs
  3 gnoll sergeants (D:7)
  5 scorpions
  9 wights
  4 killer bees (D:10)
  A howler monkey (D:5)
  An electric eel (D:9)
  7 orc priests
  2 gnoll boudas (D:7)
  Crazy Yiuf (D:7)
  8 hounds
  3 iguanas
  15 orc wizards
  16 gnolls
  9 adders
  A shadow imp (D:7)
  3 white imps
  2 ufetubi
  3 dart slugs
  38 orcs
  5 endoplasms
  2 giant cockroaches (D:1)
  5 goblins
  10 hobgoblins
  4 quokkas
  6 ball pythons
  4 bats
  3 frilled lizards (D:3)
  26 kobolds
  8 rats
266 creatures vanquished.

Vanquished Creatures (collateral kills)
  A wraith (D:12)
  A steam dragon (D:8)
  A vampire mosquito (D:11)
  3 wights (D:8)
  An electric eel (D:9)
  A shadow imp (D:8)
  7 orcs
  2 kobolds (D:8)
17 creatures vanquished.

Vanquished Creatures (others)
  A gargoyle (D:11)
  A wraith (D:12)
  A necrophage (D:6)
  A wight (D:7)
  An orc wizard (D:9)
  A plant (D:3)
  2 withered plants (D:10)
8 creatures vanquished.

Grand Total: 291 creatures vanquished

Notes
Turn   | Place    | Note
-------+----------+-------------------------------------------
     0 | D:1      | McGhostyFace the Gnoll Wanderer began the quest for the
                  | Orb.
     0 | D:1      | McGhostyFace set off with the following items: a +0 dagger,
                  | 8 boomerangs, a +2 scale mail, a scroll of fear; and the
                  | following spell memorised: Sting; and the following spells
                  | available to memorise: Ignite Poison.
     0 | D:1      | Reached XP level 1. HP: 20/20 MP: 4/4
     7 | D:1      | Found Epow's Armour Boutique.
   340 | D:1      | Reached XP level 2. HP: 24/26 MP: 1/5
   675 | D:1      | Learned a level 2 spell: Blink
   748 | D:1      | Reached XP level 3. HP: 31/31 MP: 1/7
   967 | D:1      | Bought a +0 buckler for 49 gold pieces
  1039 | D:2      | Reached skill level 1 in Invocations
  1068 | D:2      | Found Zibibups's Jewellery Emporium.
  1176 | D:2      | Learned a level 3 spell: Ignite Poison
  1372 | D:2      | Reached skill level 1 in Short Blades
  1372 | D:2      | Reached skill level 1 in Long Blades
  1372 | D:2      | Reached skill level 1 in Axes
  1372 | D:2      | Reached skill level 1 in Maces & Flails
  1372 | D:2      | Reached skill level 1 in Polearms
  1372 | D:2      | Reached skill level 1 in Staves
  1372 | D:2      | Reached skill level 1 in Ranged Weapons
  1372 | D:2      | Reached skill level 1 in Dodging
  1372 | D:2      | Reached skill level 1 in Stealth
  1372 | D:2      | Reached skill level 1 in Shields
  1372 | D:2      | Reached skill level 1 in Unarmed Combat
  1372 | D:2      | Reached skill level 1 in Evocations
  1598 | D:2      | Reached XP level 4. HP: 38/38 MP: 3/8
  1879 | D:2      | Reached skill level 1 in Conjurations
  1879 | D:2      | Reached skill level 1 in Hexes
  1879 | D:2      | Reached skill level 1 in Summonings
  1879 | D:2      | Reached skill level 1 in Necromancy
  1879 | D:2      | Reached skill level 1 in Translocations
  1879 | D:2      | Reached skill level 1 in Transmutations
  1879 | D:2      | Reached skill level 1 in Fire Magic
  1879 | D:2      | Reached skill level 1 in Ice Magic
  1879 | D:2      | Reached skill level 1 in Air Magic
  1879 | D:2      | Reached skill level 1 in Earth Magic
  3050 | D:3      | Found a faded altar of an unknown god.
  3077 | D:3      | Reached XP level 5. HP: 42/43 MP: 5/9
  3125 | D:3      | Found a white marble altar of Elyvilon.
  3556 | D:3      | Prayed at the altar of an unknown god.
  3556 | D:3      | Became a worshipper of Ashenzari the Shackled
  3581 | D:4      | Found Toub's General Store.
  4137 | D:4      | Noticed a phantom
  4211 | D:4      | Killed a phantom
  4212 | D:4      | Reached skill level 5 in Fighting
  4212 | D:4      | Reached skill level 5 in Armour
  4212 | D:4      | Reached XP level 6. HP: 39/51 MP: 9/11
  4286 | D:4      | Identified the amulet "Ogaitser" {Will+ Regen+ Dex+4}
  4373 | D:5      | Entered Level 5 of the Dungeon
  4689 | D:5      | Noticed a water moccasin
  4701 | D:5      | Learned a level 2 spell: Momentum Strike
  4720 | D:5      | Killed a water moccasin
  4721 | D:5      | Reached skill level 7 in Throwing
  4721 | D:5      | Reached XP level 7. HP: 56/56 MP: 4/12
  5829 | D:6      | Found an iron altar of Okawaru.
  5862 | D:6      | Got the Vellum of Breezy Pestilence
  5912 | D:6      | Reached XP level 8. HP: 50/59 MP: 9/14
  6395 | D:6      | Found a staircase to the Ecumenical Temple.
  6568 | D:6      | Found an opulent altar of Gozag.
  6568 | D:6      | Found a hide-covered altar of Uskayaw.
  6862 | D:7      | Reached skill level 5 in Poison Magic
  6978 | D:7      | Reached XP level 9. HP: 58/69 MP: 11/16
  6988 | D:7      | Reached skill level 5 in Spellcasting
  7359 | D:7      | HP: 1/70 [something (3)]
  7361 | D:7      | Gained mutation: You are partially covered in iridescent
                  | scales. (AC +2) [potion of mutation]
  7361 | D:7      | Gained mutation: You are somewhat resistant to further
                  | mutation. [potion of mutation]
  7364 | D:7      | Killed an unseen horror
  7365 | D:7      | Reached skill level 8 in Throwing
  7419 | D:7      | Reached * piety under Ashenzari
  7459 | D:7      | Reached skill level 5 in Invocations
  7613 | D:7      | Found a runed translucent door.
  7614 | D:7      | Noticed Crazy Yiuf
  7814 | D:7      | Killed Crazy Yiuf
  7994 | D:8      | Reached skill level 5 in Short Blades
  7994 | D:8      | Reached skill level 5 in Long Blades
  7994 | D:8      | Reached skill level 5 in Axes
  7994 | D:8      | Reached skill level 5 in Maces & Flails
  7994 | D:8      | Reached skill level 5 in Polearms
  7994 | D:8      | Reached skill level 5 in Staves
  7994 | D:8      | Reached skill level 5 in Ranged Weapons
  7994 | D:8      | Reached skill level 5 in Dodging
  7994 | D:8      | Reached skill level 5 in Stealth
  7994 | D:8      | Reached skill level 5 in Shields
  7994 | D:8      | Reached skill level 5 in Unarmed Combat
  7994 | D:8      | Reached skill level 5 in Evocations
  7994 | D:8      | Reached XP level 10. HP: 41/77 MP: 7/18
  8093 | D:8      | Learned a level 4 spell: Summon Ice Beast
  8269 | D:8      | Reached ** piety under Ashenzari
  8290 | D:8      | Found a shimmering altar of Xom.
  8623 | D:8      | Noticed Psyche
  8629 | D:8      | Killed Psyche
  8826 | D:8      | Found a burning altar of Makhleb.
  9314 | D:9      | Found a shadowy altar of Dithmenos.
  9512 | D:9      | Reached skill level 9 in Throwing
  9810 | D:9      | Reached skill level 5 in Conjurations
  9810 | D:9      | Reached skill level 5 in Hexes
  9810 | D:9      | Reached skill level 5 in Summonings
  9810 | D:9      | Reached skill level 5 in Necromancy
  9810 | D:9      | Reached skill level 5 in Translocations
  9810 | D:9      | Reached skill level 5 in Transmutations
  9810 | D:9      | Reached skill level 5 in Fire Magic
  9810 | D:9      | Reached skill level 5 in Ice Magic
  9810 | D:9      | Reached skill level 5 in Air Magic
  9810 | D:9      | Reached skill level 5 in Earth Magic
  9810 | D:9      | Reached XP level 11. HP: 60/85 MP: 17/21
  9888 | D:9      | Found an ancient bone altar of Kikubaaqudgha.
  9905 | D:9      | Found a staircase to the Lair.
 10196 | D:10     | Entered Level 10 of the Dungeon
 10196 | D:10     | Found Vyxtiplu's Overcharged Wands.
 10264 | D:10     | Noticed a two-headed ogre
 10271 | D:10     | Killed a two-headed ogre
 10384 | D:10     | Found a radiant altar of Vehumet.
 10405 | D:10     | Found a staircase to the Orcish Mines.
 10416 | D:10     | Found a glowing golden altar of the Shining One.
 10449 | D:10     | Reached *** piety under Ashenzari
 10489 | D:10     | Noticed a two-headed ogre
 10502 | D:10     | Killed a two-headed ogre
 10702 | D:10     | Found a basalt altar of Yredelemnul.
 11007 | D:10     | Learned a level 5 spell: Freezing Cloud
 11155 | D:11     | Noticed a two-headed ogre
 11162 | D:11     | Reached **** piety under Ashenzari
 11170 | D:11     | Noticed a two-headed ogre
 11179 | D:11     | Killed a two-headed ogre
 11182 | D:11     | Killed a two-headed ogre
 11488 | D:11     | Noticed a two-headed ogre
 11498 | D:11     | Killed a two-headed ogre
 12336 | D:12     | Found Suicraje's Distillery.
 12347 | D:12     | Bought a potion of heal wounds for 75 gold pieces
 12649 | D:12     | Reached XP level 12. HP: 68/94 MP: 14/23
 12956 | D:13     | Noticed a boulder beetle
 13017 | D:13     | Killed a boulder beetle
 13115 | D:13     | Killed from afar by a meliai

Illustrated notes

Levels and vault maps discovered:
D:1:      minmay_arrival_stone_box, layout_rooms, serial_shops,
          nicolae_shop_crystal, minmay_tree_intersection,
          minmay_misc_feat_secret_circle
D:2:      layout_loops_corners, serial_shops, shop, eino_curves_01,
          grunt_decor_junction
D:3:      layout_loops_cross, elyvilon_altar_5,
          shapermc_ecumenical_altar_acropolis
D:4:      layout_cave_pools, serial_shops, shop_coins
D:5:      layout_gridville, hangedman_decor_growths
D:6:      layout_basic, okawaru_ov_weapons_minmay,
          gammafunk_temple_overflow_statue, minmay_temple_entry_slanted
D:7:      kennysheep_housing_project, layout_rooms, uniq_crazy_yiuf_cottage
D:8:      layout_basic, lemuel_doored_altar, mainiacjoe_overflow_tiny_flanked,
          grunt_ministairs_5, uniq_psyche
D:9:      layout_long_grid, kennysheep_mini_moat,
          nicolae_dithmenos_through_a_glass_darkly, erik_lair_island
D:10:     layout_irregular_city, yredelemnul_altar_generic,
          nicolae_overflow_crystal_walls, nicolae_tso_swordbearing_angel,
          orc_0_dummy, nicolae_shop_overcharged_wands
D:11:     layout_irregular_city
D:12:     layout_long_grid, serial_shops, shop
D:13:     layout_layer_cave, lightli_vaults_fourway_checkpoint

Skill      XL: |  1  2  3  4  5  6  7  8  9 10 11 12 |
---------------+-------------------------------------+-----
Invocations    | 1 2 3 4 5 6 7 8 |  8.0
Short Blades   | 1 2 3 4 5 6 7 |  7.3
Long Blades    | 1 2 3 4 5 6 7 |  7.3
Axes           | 1 2 3 4 5 6 7 |  7.3
Maces & Flails | 1 2 3 4 5 6 7 |  7.3
Polearms       | 1 2 3 4 5 6 7 |  7.3
Staves         | 1 2 3 4 5 6 7 |  7.3
Ranged Weapons | 1 2 3 4 5 6 7 |  7.3
Dodging        | 1 2 3 4 5 6 7 |  7.3
Stealth        | 1 2 3 4 5 6 7 |  7.3
Shields        | 1 2 3 4 5 6 7 |  7.3
Unarmed Combat | 1 2 3 4 5 6 7 |  7.3
Evocations     | 1 2 3 4 5 6 7 |  7.3
Spellcasting   | 3 4 5 6 7 |  7.9
Conjurations   | 1 2 3 4 5 6 |  6.0
Hexes          | 1 2 3 4 5 6 |  6.0
Summonings     | 1 2 3 4 5 6 |  6.0
Necromancy     | 1 2 3 4 5 6 |  6.0
Translocations | 1 2 3 4 5 6 |  6.0
Transmutations | 1 2 3 4 5 6 |  6.0
Fire Magic     | 1 2 3 4 5 6 |  6.0
Ice Magic      | 1 2 3 4 5 6 |  6.0
Air Magic      | 1 2 3 4 5 6 |  6.0
Earth Magic    | 1 2 3 4 5 6 |  6.0
Poison Magic   | 4 5 6 7 |  7.2
Fighting       | 5 6 7 8 |  8.7
Armour         | 5 6 7 8 |  8.7
Throwing       | 7 8 9 |  9.9

Action                   |  1- 3 |  4- 6 |  7- 9 | 10-12 || total
-------------------------+-------+-------+-------+-------++-------
Melee: Dagger            |   140 |   142 |    12 |       ||   294
       Bite              |    17 |     9 |    45 |    33 ||   104
       Punch             |       |     2 |       |       ||     2
       Rapier            |       |       |   232 |   279 ||   511
       Short sword       |       |       |    20 |    66 ||    86
Throw: Boomerang         |       |    19 |    43 |    21 ||    83
 Cast: Sting             |    38 |    77 |    44 |    18 ||   177
       Ignite Poison     |       |     2 |    18 |    26 ||    46
       Momentum Strike   |       |     1 |     4 |    11 ||    16
       Blink             |       |     1 |     4 |       ||     5
       Summon Ice Beast  |       |       |       |    30 ||    30
       Freezing Cloud    |       |       |       |     7 ||     7
Invok: Curse Item        |       |     1 |     1 |     5 ||     7
Evoke: Wand              |       |     2 |     2 |     5 ||     9
  Use: Potion            |       |     1 |     3 |     2 ||     6
       Scroll            |       |       |       |     1 ||     1
 Stab: Sleeping          |       |       |     3 |     6 ||     9
       Distracted        |       |       |       |     2 ||     2
Armor: Scale mail        |    28 |       |       |       ||    28
       Leather armour    |    66 |    81 |   110 |   112 ||   369
Dodge: Dodged            |    92 |   107 |   152 |   205 ||   556
Block: Buckler           |     3 |       |    74 |   102 ||   179

Table legend: (Time is in decaauts)
 A = Elapsed time spent in this place.
 B = Non-inter-level travel time spent in this place.
 C = Inter-level travel time spent in this place.
 D = Time resting spent in this place.
 E = Time spent auto-exploring this place.
 F = Levels seen in this place.
 G = Mean time per level.
                   A        B        C        D        E       F      G
               +--------+--------+--------+--------+--------+-----+--------+
         Total |  13040 |  12609 |    431 |   2764 |   6886 |  13 | 1003.1 |
       Dungeon |  13040 |  12609 |    431 |   2764 |   6886 |  13 | 1003.1 |
               +--------+--------+--------+--------+--------+-----+--------+

Top non-repeatable levels by time:
     D:2: 1617 daAuts
     D:8: 1293 daAuts
     D:7: 1275 daAuts
     D:5: 1217 daAuts
     D:4: 999 daAuts
     D:3: 991 daAuts
     D:1: 985 daAuts
    D:11: 984 daAuts
    D:12: 914 daAuts
     D:6: 887 daAuts
     D:9: 882 daAuts
    D:10: 820 daAuts
    D:13: 170 daAuts
